Match 46096209
Unlisted

Match 46096209
End
Construct Barracks
Riflemen Squad
Riflemen Squad
Selects Armored Battlegroup
Selects Veteran Crews
1⁄4-ton 4x4 Truck
Riflemen Squad
Construct Weapon Support Center
Infantry Support Center
M3 Armored Personnel Carrier
M3 Armored Personnel Carrier
Grenade Package
M1918 Browning Automatic Rifles
Engineer Squad
Construct Tank Depot
Selects Fast Deploy
Selects M8 Scott SPG
Selects UNKNOWN (2160077)
M4A3E8 Sherman Easy Eight
SofisticatedSeal
Adult Asthma Is A Choice
z4sniper
Tor The Dragon
0
0

Comments sign in to comment!

No comments posted yet!